 Dungeon Crawl Stone Soup version 0.20-a0-927-g1ae2c61 (webtiles) character file.

28 M4edhros the Sneak (level 3, -9/32 HPs)
             Began as a Naga Assassin on Mar 29, 2017.
             Mangled by an ogre
             ... wielding a +0 giant spiked club
              (13 damage)
             ... on level 4 of the Dungeon.
             The game lasted 00:02:21 (640 turns).

M4edhros the Sneak (Naga Assassin)                   Turns: 640, Time: 00:02:21

Health: -9/32      AC:  3    Str: 13    XL:     3   Next: 14%
Magic:  3/3        EV:  9    Int: 16    God:
Gold:   63         SH:  0    Dex: 13    Spells: 2/2 levels left

rFire    x . .     SeeInvis +   a - +2 dagger
rCold    + . .     Gourm    .   (no shield)
rNeg     . . .     Faith    .   c - +0 robe
rPois    +         Spirit   .   (no helmet)
rElec    .         Reflect  .   d - +0 cloak
rCorr    .         Harm     .   (no gloves)
MR       .....                  (no barding)
Stlth    ++++......             (no amulet)
Regen    0.1/turn               h - ring of ice
MPRegen  0.1/turn               (no ring)

@: brilliant, very slow
A: see invisible, deformed body, poison resistance, slowness 2, slow metabolism
1, spit poison 1, AC +1
a: Spit Poison


You were on level 4 of the Dungeon.
You were not hungry.

You visited 1 branch of the dungeon, and saw 4 of its levels.

You collected 63 gold pieces.

Inventory:

Hand Weapons
 a - a +2 dagger (weapon)
 b - a +0 blowgun
Missiles
 e - 8 poisoned needles
 f - 2 curare-tipped needles
 q - 22 stones (quivered)
 s - a tomahawk of dispersal
Armour
 c - a +0 robe (worn)
 d - a +0 cloak (worn)
Jewellery
 h - a ring of ice (left hand)
Scrolls
 k - 2 scrolls of identify {unknown}
 t - a scroll of teleportation {unknown}
Potions
 i - a potion of magic {unknown}
 j - a potion of haste {unknown}
 l - a potion of curing
 m - a potion of brilliance
 p - a potion of might {unknown}
 r - a potion of agility {unknown}
Comestibles
 g - a bread ration
 n - a chunk of flesh
 o - a royal jelly


   Skills:
 - Level 2.0 Fighting
 - Level 2.0 Short Blades
 - Level 1.7 Throwing
 - Level 0.7 Dodging
 + Level 7.4 Stealth


You had 2 spell levels left.
You didn't know any spells.

Dungeon Overview and Level Annotations

Branches:
Dungeon (4/15)
 Temple: D:4-7

Altars:

Annotations:
D:3 Sigmund


Innate Abilities, Weirdness & Mutations

You cannot wear boots.
Your serpentine skin is tough. (AC +1)
You have supernaturally acute eyesight. (SInv)
Armour fits poorly on your strangely shaped body.
Your system is resistant to poisons. (rPois)
You cover ground very slowly.
You have a slow metabolism.
You can spit poison.


Message History

a flail; a ring mail There isn't anything to butcher here.
Things that are here:
a hand axe; a ring mail You now have 63 gold pieces (gained 17).
t - a scroll labeled QOCAMU OHACEALAMN An ogre comes into view.
It is wielding a giant spiked club.
Press: ? - help, Shift-Dir - straight line, f - ogre
Aim: an ogre, wielding a giant spiked club The splash of poison hits the ogre.
The ogre is poisoned.
The ogre is moderately wounded.
You feel slightly more hungry.
It was a potion of curing.
You feel better.
The ogre hits you with a giant spiked club!
* * * LOW HITPOINT WARNING * * *
It was a potion of brilliance.
You feel clever all of a sudden.
You have got your breath back.
The ogre hits you with a giant spiked club!
You die...

#######.# #.#
#####.###########
#.....)..........
#.###...))...#
#.###...####.#
#.#####.##....###
#.........#...<.#
#######@##.#.##.#
#O##.#.##.##.#
#.##.#.......#
...#.####.####
.#.#.# .# #. .#.#
.. ## ##.# .#


You could see an ogre.

Vanquished Creatures
  A dart slug (D:3)
  4 orcs
  2 goblins
  2 hobgoblins (D:2)
  5 jackals
  A ball python (D:3)
  2 bats
  A kobold (D:2)
  3 rats (D:3)
21 creatures vanquished.

Notes
Turn   | Place    | Note
-------+----------+-------------------------------------------
     0 | D:1      | M4edhros the Naga Assassin began the quest for the Orb.
     0 | D:1      | Reached XP level 1. HP: 19/19 MP: 1/1
    31 | D:1      | Reached skill level 6 in Stealth
   412 | D:2      | Reached XP level 2. HP: 22/26 MP: 2/2
   501 | D:3      | Reached skill level 7 in Stealth
   596 | D:3      | Noticed Sigmund
   603 | D:4      | Reached XP level 3. HP: 22/32 MP: 3/3
   634 | D:4      | Noticed an ogre
   640 | D:4      | Mangled by an ogre

Vault maps used:
D:1:      dpeg_arrival_long_road
D:2:      first_bread, grunt_ministairs_12
D:3:      kennysheep_generic_room_12, uniq_sigmund
D:4:      gammafunk_temple_overflow_elements, kennysheep_mini_moat

Skill      XL: |  1  2 |
---------------+-------+-----
Stealth        | 6 7 |  7.4
Fighting       | |  2.0
Short Blades   | |  2.0
Throwing       | |  1.7
Dodging        | |  0.7

Action                   || total
-------------------------++-------
Melee: Dagger            ||    47
 Abil: Spit Poison       ||     5
  Use: Potion            ||     2
 Stab: Sleeping          ||     7
Armor: Robe              ||    11
Dodge: Dodged            ||    23
